[Event "FIDE World School-ch O-15 2025"]
[Site "Vrnjacka Banja"]
[Date "2025.03.28"]
[Round "9.1"]
[White "Urangoo, Gurvanbaatar"]
[Black "Scheglov, Gleb"]
[Result "0-1"]
[Annotator "RC"]
[ECO "B15"]
[WhiteElo "1982"]
[BlackElo "2306"]
[PlyCount "90"]
[EventDate "2025.03.19"]
[EventType "swiss"]
[EventCountry "SRB"]
[SourceTitle "playchess.com"]
[Source "ChessBase"]
[SourceQuality "1"]
[TimeControl "5400+30"]

1. e4 c6 2. d4 d5 3. Nc3 dxe4 4. Nxe4 Nf6 5. Nxf6+ exf6 6. Be3 Bd6 7. Bd3 O-O 8. Ne2 Na6 9. c4 Be6 10. a3 b5 11. cxb5 cxb5 12. Bxb5 Qa5+ 13. Nc3 Rab8 14. a4 Nc7 15. O-O a6 16. Bd3 Rb6 17. b4 Rxb4 18. Ne4 Rb2 19. Bc1 Be7 20. Bd2 Rbb8 21. Bf4 Qb6 22. Qh5 Rbd8 23. Qh4 g6 24. Bg5 Nd5 25. Bh6 Qxd4 26. Bxf8 Rxf8 27. Qg3 f5 28. Nd2 Nb4 29. Rad1 Qxd3 30. Qc7 Qd6 31. Qc3 Rc8 32. Qf3 Qd3 33. Qf4 Nd5 34. Qh6 Bf8 35. Qg5 h6 36. Qg3 Qxg3 37. hxg3 Nc3 38. Ra1 Bg7 39. Kh2 a5 40. Nf3 Rc4 41. Rfc1 Rxa4 42. Rxa4 Nxa4 43. Nd2 Nc3 44. Nb1 Nxb1 45. Rxb1 a4 0-1

[Event "FIDE World School-ch O-15 2025"]
[Site "Vrnjacka Banja"]
[Date "2025.03.28"]
[Round "9.2"]
[White "Tabatadze, Erekle"]
[Black "Perera, K Damiru Damsara"]
[Result "1-0"]
[Annotator "NA RC"]
[ECO "D00"]
[WhiteElo "2180"]
[BlackElo "1626"]
[PlyCount "107"]
[EventDate "2025.03.19"]
[EventType "swiss"]
[EventCountry "SRB"]
[SourceTitle "playchess.com"]
[Source "ChessBase"]
[SourceQuality "1"]
[TimeControl "5400+30"]

1. d4 Nf6 2. Nc3 d5 3. Bf4 c6 4. e3 Bf5 5. Nf3 e6 6. Ne5 {[%emt 0:00:34] D00: 1 d4 d5: Unusual lines.} Bd6 {[%emt 0:01:46] 6...h6 is the modern continuation.} 7. Be2 Bxe5 $146 ({Predecessor:} 7... h6 8. g4 Bh7 9. h4 Ne4 10. Nxe4 dxe4 11. g5 Bf5 12. gxh6 Bxe5 13. dxe5 Qa5+ {1-0 Gadimbayli,A (2463)-Priyanka,K (2202) Novi Sad TS Mix 233rd 2022 (6)}) 8. Bxe5 O-O 9. g4 Be4 10. f3 Bg6 11. h4 h5 12. g5 Nfd7 13. Bd6 Re8 14. f4 Nb6 15. Bxb8 Rxb8 16. Bxh5 Bxh5 17. Qxh5 Nc4 18. Nd1 Qa5+ 19. Kf2 Qd2+ (19... c5 $11) 20. Qe2 Qxe2+ 21. Kxe2 g6 22. b3 Nd6 23. Nf2 Nf5 $18 24. Rh3 Kg7 25. Ng4 Rh8 26. Rah1 Kf8 27. Kd3 Ng7 28. Nf6 Ke7 29. h5 Nxh5 30. Nxh5 Rxh5 31. Rxh5 gxh5 32. Rxh5 Rg8 33. c4 Kf8 34. Rh7 Ke7 35. e4 dxc4+ 36. bxc4 b5 37. cxb5 cxb5 38. d5 a5 39. dxe6 Kxe6 40. f5+ Ke5 41. Rxf7 Rxg5 42. Re7+ Kf6 43. Re6+ Kf7 44. Rb6 Rg3+ 45. Kd4 b4 46. Ke5 Ra3 47. Rb7+ Kg8 48. Ke6 Rxa2 49. f6 Rf2 50. Rb8+ Kh7 51. f7 a4 52. f8=Q Rxf8 53. Rxf8 a3 54. Ra8 1-0

[Event "FIDE World School-ch O-15 2025"]
[Site "Vrnjacka Banja"]
[Date "2025.03.28"]
[Round "9.3"]
[White "Yessengali, Adizhan"]
[Black "Kabinazar, Nurmukhammed"]
[Result "0-1"]
[Annotator "NA RC"]
[ECO "E16"]
[WhiteElo "1955"]
[BlackElo "2057"]
[PlyCount "218"]
[EventDate "2025.03.19"]
[EventType "swiss"]
[EventCountry "SRB"]
[SourceTitle "playchess.com"]
[Source "ChessBase"]
[SourceQuality "1"]
[TimeControl "5400+30"]

1. d4 Nf6 2. c4 e6 3. Nf3 d5 4. g3 Bb4+ 5. Nbd2 O-O 6. Bg2 b6 7. O-O Bb7 8. a3 Be7 9. Ne5 a5 10. b3 Nbd7 11. Bb2 c5 12. cxd5 exd5 13. Ndc4 Qc7 $16 (13... Re8 $11 {remains equal.}) 14. Nxd7 Nxd7 15. Ne3 Nf6 16. dxc5 bxc5 17. Nxd5 Nxd5 18. Bxd5 Rfd8 19. e4 Bxd5 20. exd5 Qb7 21. Re1 Rxd5 22. Qf3 Rd7 23. Qg4 Bf8 24. Re3 Re7 25. Rae1 Rxe3 26. Rxe3 a4 27. Qd1 axb3 28. Rxb3 Qc6 29. Rf3 c4 30. Rf4 Re8 31. Qd2 Rc8 32. Qc3 Rd8 33. Qc2 Re8 34. Qc3 Rd8 35. Qc2 Re8 36. f3 Qd5 37. Re4 Rxe4 38. fxe4 Qc5+ 39. Kg2 c3 40. Bxc3 Qxa3 41. Bd4 Qb4 42. Be3 Qb5 43. Bf2 h6 44. h3 h5 45. Qd1 Qc4 46. Qf3 g6 47. g4 hxg4 48. hxg4 Bg7 49. Bg3 Qc2+ 50. Kh3 Qc3 51. Qf4 Qa1 52. e5 Qh1+ 53. Bh2 Qd5 54. Qe3 Kh7 55. Bf4 Qh1+ 56. Kg3 Qd5 57. g5 Kg8 58. Qc3 Kh7 59. Qe3 Kg8 60. Qe2 Qb3+ 61. Kh2 Qd5 62. Bg3 Kh7 63. Qg2 Qc4 64. Qf2 Kg8 65. Qf3 Qc2+ 66. Kh3 Qc4 67. Qf4 Qd5 68. Qe3 Qh1+ 69. Bh2 Qf1+ 70. Kh4 Qg2 71. Bg3 Qh1+ 72. Kg4 Qh5+ 73. Kf4 Bh6 74. Ke4 Bxg5 75. Qf2 Qh1+ 76. Kd3 Qd5+ 77. Ke2 Qe4+ 78. Kf1 Be3 79. Qf6 Bd4 80. Qd8+ Kh7 81. Qf6 Kg8 82. Qd8+ Kh7 83. Qf6 Qd5 84. Ke2 Kg8 85. Bf4 Bc3 86. Ke3 Qd2+ 87. Kf3 Qd3+ 88. Kg2 Qe2+ 89. Kh1 Be1 90. Bh2 Bf2 91. Bg1 Qe4+ 92. Kh2 Bh4 93. Qf1 Qxe5+ 94. Kh1 Qe4+ 95. Kh2 Be7 96. Qd1 Bf6 97. Bf2 Be5+ 98. Kg1 Qf4 99. Qd5 Qf5 100. Kf1 Qf6 101. Qa8+ Kg7 102. Ke2 g5 103. Qg2 Qf5 104. Qc6 g4 105. Be3 Bf6 106. Qg2 Qc2+ 107. Bd2 Bg5 108. Qxg4 Qxd2+ 109. Kf1 Qf4+ 0-1

[Event "FIDE World School-ch O-15 2025"]
[Site "Vrnjacka Banja"]
[Date "2025.03.28"]
[Round "9.4"]
[White "Ashikmamutov, Saidkhon"]
[Black "Dandeniya, D D L N"]
[Result "1-0"]
[Annotator "NA RC"]
[ECO "A01"]
[WhiteElo "1978"]
[BlackElo "1881"]
[PlyCount "77"]
[EventDate "2025.03.19"]
[EventType "swiss"]
[EventCountry "SRB"]
[SourceTitle "playchess.com"]
[Source "ChessBase"]
[SourceQuality "1"]
[TimeControl "5400+30"]

1. b3 Nf6 2. Bb2 g6 3. Bxf6 exf6 4. c4 Bg7 5. Nc3 O-O 6. g3 Re8 7. Bg2 d6 8. e3 Nd7 9. Nge2 f5 10. d4 c6 11. h4 Nf6 12. O-O Bd7 13. Qd3 a6 14. b4 b5 15. Nf4 bxc4 16. Qxc4 Ne4 17. Rfc1 Qe7 18. Qf1 Nxg3 19. fxg3 Qxe3+ 20. Kh2 Qxd4 21. Nce2 Qxb4 22. Rab1 Qa3 23. Rb7 Rad8 24. Rxd7 Rxd7 25. Bxc6 Rde7 26. Bxe8 Rxe8 27. Rc2 h6 28. Qc1 Qa4 29. Rc8 Rxc8 30. Qxc8+ Kh7 31. h5 Qxa2 32. hxg6+ fxg6 33. Qe8 g5 34. Nh5 Be5 35. Kh3 Qg8 36. Qd7+ Kg6 37. g4 fxg4+ 38. Kxg4 Qc4+ 39. Nef4+ 1-0

[Event "FIDE World School-ch O-15 2025"]
[Site "Vrnjacka Banja"]
[Date "2025.03.28"]
[Round "9.5"]
[White "Tulendinov, Dinmukhammed"]
[Black "Harabor, David-Alexandru"]
[Result "1-0"]
[Annotator "NA RC"]
[ECO "C60"]
[WhiteElo "2173"]
[BlackElo "1989"]
[PlyCount "103"]
[EventDate "2025.03.19"]
[EventType "swiss"]
[EventCountry "SRB"]
[SourceTitle "playchess.com"]
[Source "ChessBase"]
[SourceQuality "1"]
[TimeControl "5400+30"]

1. e4 e5 2. Nf3 Nc6 3. Bb5 a6 4. Ba4 Nge7 5. O-O Ng6 6. d4 exd4 7. Nxd4 Bc5 8. Be3 Nxd4 9. Bxd4 Bxd4 10. Qxd4 O-O 11. Nc3 d6 12. Bb3 Be6 13. Qd2 Ne7 14. Rad1 Qc8 15. f4 $14 Bxb3 16. axb3 f5 17. Rde1 fxe4 18. Rxe4 Qd7 19. Rfe1 Nc6 20. Nd5 Qf7 21. c4 Rac8 22. b4 Rce8 23. Rxe8 Rxe8 24. Rxe8+ Qxe8 25. Nxc7 Qe7 26. Qd5+ Kh8 27. Qe6 Qxe6 28. Nxe6 Nxb4 29. Nd8 Nd3 30. Nxb7 Nxb2 31. Nxd6 Nd3 32. g3 a5 33. Kf1 a4 34. Nb5 Kg8 35. Ke2 Nc5 36. Ke3 Kf7 37. Kd4 Ne6+ 38. Ke5 Ke7 39. g4 Kd7 40. h4 Nc7 41. Nxc7 Kxc7 42. Kd4 Kc6 43. f5 a3 44. Kc3 Kc5 45. g5 Kd6 46. g6 hxg6 47. fxg6 Ke6 48. h5 Kf5 49. Kb3 Kg5 50. c5 Kxh5 51. c6 Kxg6 52. c7 1-0

[Event "FIDE World School-ch O-15 2025"]
[Site "Vrnjacka Banja"]
[Date "2025.03.28"]
[Round "9.6"]
[White "Durucay, Uygar"]
[Black "Cirkovic, Vuk"]
[Result "1/2-1/2"]
[Annotator "NA RC"]
[ECO "A48"]
[WhiteElo "2159"]
[BlackElo "1981"]
[PlyCount "56"]
[EventDate "2025.03.19"]
[EventType "swiss"]
[EventCountry "SRB"]
[SourceTitle "playchess.com"]
[Source "ChessBase"]
[SourceQuality "1"]
[TimeControl "5400+30"]

1. d4 Nf6 2. Nf3 g6 3. Bg5 Bg7 4. Nbd2 O-O 5. e3 d6 6. Bc4 c5 7. c3 Nc6 8. O-O h6 9. Bh4 cxd4 10. cxd4 Bf5 11. d5 Ne5 12. Nxe5 dxe5 13. Bxf6 Bxf6 14. e4 Bd7 $11 15. a4 Qb6 16. Qb3 Qxb3 17. Nxb3 Rfc8 18. Rfc1 a6 19. Bf1 Rxc1 20. Rxc1 Rc8 21. Rxc8+ Bxc8 22. Nc5 Bg5 23. Bc4 Kf8 24. Nd3 f6 25. g3 Bd2 26. Kg2 Bd7 27. Nc5 Bc8 28. Nd3 Bd7 1/2-1/2

[Event "FIDE World School-ch O-15 2025"]
[Site "Vrnjacka Banja"]
[Date "2025.03.28"]
[Round "9.7"]
[White "Talgatov, Nazar"]
[Black "Khaleev, Timofey D"]
[Result "1-0"]
[Annotator "NA RC"]
[ECO "B06"]
[WhiteElo "2083"]
[BlackElo "1919"]
[PlyCount "95"]
[EventDate "2025.03.19"]
[EventType "swiss"]
[EventCountry "SRB"]
[SourceTitle "playchess.com"]
[Source "ChessBase"]
[SourceQuality "1"]
[TimeControl "5400+30"]

1. e4 c5 2. Nf3 g6 3. c3 d5 4. exd5 Qxd5 5. d4 Bg7 6. Nbd2 cxd4 7. Bc4 Qd6 8. Nxd4 Nf6 9. O-O O-O 10. N2f3 Nc6 11. h3 b6 12. Re1 Nxd4 13. Qxd4 Qxd4 14. Nxd4 e6 15. a4 Bb7 16. a5 bxa5 $11 17. Rxa5 a6 18. Bf1 Rfc8 19. Nb3 Bf8 20. Be3 Be7 21. Nc5 Bxc5 22. Bxc5 Ne4 23. Be3 Nd6 24. Ra4 Bd5 25. Rxa6 Rxa6 26. Bxa6 Ra8 27. Bf1 Bb3 28. Bd4 Nc4 29. Bxc4 Bxc4 30. b4 Kf8 31. Bf6 Ke8 32. Rd1 Bd5 33. b5 Ra4 34. Kh2 Kd7 35. Be5 Kc8 36. b6 Kb7 37. Bd4 Ra2 38. Be3 Ra4 39. Rb1 Bc6 40. Rb2 Kc8 41. g4 Ra1 42. g5 e5 43. Rd2 Rh1+ 44. Kg3 Rg1+ 45. Kh4 h6 46. gxh6 f6 47. h7 Be8 48. f4 1-0

[Event "FIDE World School-ch O-15 2025"]
[Site "Vrnjacka Banja"]
[Date "2025.03.28"]
[Round "9.8"]
[White "Qusaiyn, Altynbek"]
[Black "Leu, Dragos Stefan"]
[Result "0-1"]
[Annotator "NA RC"]
[ECO "B21"]
[WhiteElo "1972"]
[BlackElo "2165"]
[PlyCount "98"]
[EventDate "2025.03.19"]
[EventType "swiss"]
[EventCountry "SRB"]
[SourceTitle "playchess.com"]
[Source "ChessBase"]
[SourceQuality "1"]
[TimeControl "5400+30"]

1. e4 c5 2. d4 cxd4 3. Qxd4 Nc6 4. Qd3 d6 5. Nc3 Nf6 6. Nf3 a6 $11 7. Be2 g6 8. Bg5 Bg7 9. O-O h6 10. Bf4 O-O 11. h3 b5 12. Nd5 Nd7 13. c3 Nce5 14. Nxe5 dxe5 15. Be3 e6 16. Nb4 Qc7 17. f3 Nc5 18. Qc2 Bb7 19. Nd3 Na4 20. Rac1 Rac8 21. Rfd1 f5 22. exf5 gxf5 23. Ne1 Nb6 24. Bf2 Rf7 25. b3 Bf8 26. c4 bxc4 27. bxc4 Bc5 28. Qd2 Kh7 29. Nd3 Be7 30. Nxe5 Qxe5 31. Bxb6 Rg8 32. Bf1 Qg3 33. Qf2 Qxh3 34. Rd7 Qxf3 35. Re1 Qxf2+ 36. Bxf2 Be4 37. c5 Rfg7 38. g3 h5 39. Kh2 Bf6 40. Rxg7+ Rxg7 41. Bxa6 h4 42. Kh3 Be5 43. Re3 Rg6 44. Bf1 hxg3 45. Bxg3 Rh6+ 46. Bh4 Bf6 47. Kg3 Rxh4 48. Ra3 Rg4+ 49. Kf2 Bd4+ 0-1